 Dungeon Crawl Stone Soup version 0.32-a0-999-gfa1cc04b1d (webtiles) character file.

Game seed: 11282728792233927624

413 GiantSquids the Covert (level 6, -3/42 HPs)
             Began as an Octopode Delver on Apr 25, 2024.
             Was an Initiate of Gozag.
             Slain by a phantom (5 damage)
             ... on level 6 of the Dungeon.
             The game lasted 00:08:54 (3144 turns).

GiantSquids the Covert (Octopode Delver)            Turns: 3144, Time: 00:08:55

Health: -3/42      AC:  3    Str: 12    XL:     6   Next: 90%
Magic:  6/6        EV: 12    Int: 12    God:    Gozag
Gold:   543        SH:  0    Dex: 15    Spells: 5/5 levels left

rFire   . . .        a - +0 short sword
rCold   . . .        (no shield)
rNeg    . . .        j - +2 hat
rPois   .            (no amulet)
rElec   .            (no ring)
rCorr   .            (no ring)
SInv    .            (no ring)
Will    .....        (no ring)
Stlth   +++++        (no ring)
HPRegen 0.27/turn    (no ring)
MPRegen 0.10/turn    (no ring)
                     (no ring)

%: no passive effects
@: lethally poisoned (-3 -> -4)
A: almost no armour, amphibious, 8 rings, camouflage 1, gelatinous body 1,
(nimble swimmer 1), tentacles
a: Renounce Religion, Potion Petition, Call Merchant, Bribe Branch


You were on level 6 of the Dungeon.
You worshipped Gozag.
Gozag was pleased with you.
You visited 1 branch of the dungeon, and saw 6 of its levels.

You collected 582 gold pieces.
You paid 39 gold pieces to Gozag.

Inventory:

Hand Weapons
 a - a +0 short sword (weapon)
Missiles
 u - 4 javelins
Armour
 j - a +2 hat (worn)
Jewellery
 h - an amulet of magic regeneration
 s - a ring of fire
Wands
 f - a wand of digging (3)
 x - a wand of flame (23)
Scrolls
 b - a scroll of fog
 c - a scroll of revelation
 g - 2 scrolls of immolation {unknown}
 i - a scroll of silence {unknown}
 l - 3 scrolls of teleportation {unknown}
 n - 5 scrolls of identify {unknown}
 p - a scroll of brand weapon {unknown}
 q - a scroll of enchant armour {unknown}
 r - 3 scrolls of noise {unknown}
 t - a scroll of amnesia {unknown}
 v - a scroll of poison {unknown}
Potions
 e - 2 potions of haste
 k - a potion of lignification {unknown}
 m - 3 potions of attraction {unknown}
 o - 2 potions of heal wounds {unknown}
 w - a potion of curing {unknown}


   Skills:
 - Level 3.0 Fighting
 + Level 5.2 Short Blades
 - Level 2.0 Dodging
 + Level 9.6 Stealth


You had 5 spell levels left.
You didn't know any spells.
Your spell library contained the following spells:

 Spells                   Type           Power      Damage    Failure   Level
 Apportation              Tloc           0%         N/A       32%         1
 Foxfire                  Conj/Fire      0%         2x1d4     32%         1
 Freeze                   Ice            0%         1d3       32%         1
 Necrotise                Necr           0%         1d4       32%         1
 Sting                    Conj/Alch      0%         1d3       32%         1
 Summon Small Mammal      Summ           0%         N/A       32%         1
 Mercury Vapours          Alch/Air       0%         N/A       45%         2
 Frozen Ramparts          Ice            0%         1d1       69%         3
 Hailstorm                Conj/Ice       0%         3d5       69%         3
 Mephitic Cloud           Conj/Alch/Air  0%         N/A       69%         3
 Freezing Cloud           Conj/Ice/Air   0%         6-21      100%        5
 Plasma Beam              Fire/Air       0%         2x1d10    100%        6
 Starburst                Conj/Fire      0%         6d3       100%        6


Dungeon Overview and Level Annotations

Branches:
Dungeon (6/15)             Temple (0/1) D:6

Altars:
Elyvilon
Gozag
Makhleb
Vehumet
Yredelemnul

Shops:
D:1 (=   D:3 (

Annotations:
D:6 Sigmund


Innate Abilities, Weirdness & Mutations

You cannot wear most types of armour.
You are amphibious.
You can wear up to eight rings at the same time.
Your skin changes colour to match your surroundings (Stealth+).
Your rubbery body absorbs attacks. (AC +1, EV +1)
((You are camouflaged when in or above water. (Stealth+)))
You have tentacles for arms and can constrict up to eight enemies at once.


Message History

The phantom hits you.
You barely miss the phantom. Your squeeze misses the phantom.
The phantom is lightly damaged.
You closely miss the phantom. Your squeeze misses the phantom.
The phantom is lightly damaged.
The phantom closely misses you.
You closely miss the phantom.
The phantom is lightly damaged.
The phantom hits you.
The phantom blinks!
You blink.
Sigmund and a scorpion come into view.
You hit the phantom.
The phantom is lightly damaged.
You barely miss the phantom.
The phantom is lightly damaged.
Sigmund shouts!
The phantom hits you.
The phantom blinks!
You blink.
The phantom attacks as it pursues you! The phantom barely misses you.
The scorpion stings you.
You are poisoned.
The scorpion poisons you! The scorpion misses you.
You feel very sick.
Sigmund hits you from afar with a +0 scythe!
* * * LOW HITPOINT WARNING * * *
You feel sick.
Okay, then.
As you read the scroll of fear, it crumbles to dust.
You assume a fearsome visage.
The scorpion looks frightened!
The phantom is unaffected.
You feel sick. The phantom hits you.
* * * LOW HITPOINT WARNING * * *
The phantom blinks!
You blink.
Okay, then.
* * * LOW HITPOINT WARNING * * *
You feel sick.
* * * LOW HITPOINT WARNING * * *
You feel sick.
An ice beast comes into view.
* * * LOW HITPOINT WARNING * * *
You feel sick. The phantom attacks as it pursues you! The phantom hits you.
You die...
Your body crumbles into a pile of gold.

##############
+..ß>ß@....Y.#
####..W...##.#
#......##.#
#.........#
#.@....#...
###..<..# ##
###...###.#. ..
+............
....#......#.###.#


You could see an ice beast, a phantom and Sigmund.

Vanquished Creatures
  A centaur (D:5)
  A scorpion (D:5)
  A jelly (D:5)
  2 bombardier beetles
  A hound (D:5)
  An orc priest (D:5)
  An orc wizard (D:5)
  An adder (D:3)
  4 ribbon worms
  3 dart slugs
  4 orcs
  10 bats
  7 endoplasms
  4 giant cockroaches
  7 goblins
  4 hobgoblins
  3 kobolds
  8 quokkas
  5 ball pythons
  4 frilled lizards (D:1)
  6 rats
78 creatures vanquished.

Notes
Turn   | Place    | Note
-------+----------+-------------------------------------------
     0 | D:5      | GiantSquids the Octopode Delver began the quest for the
                  | Orb.
     0 | D:5      | Reached XP level 1. HP: 16/16 MP: 1/1
    10 | D:5      | Noticed a scorpion
    19 | D:5      | Killed a scorpion
    20 | D:5      | Reached skill level 7 in Stealth
    20 | D:5      | Reached XP level 2. HP: 21/21 MP: 2/2
    20 | D:5      | Reached XP level 3. HP: 26/26 MP: 3/3
    20 | D:5      | Reached XP level 4. HP: 31/31 MP: 4/4
    67 | D:5      | Reached skill level 8 in Stealth
    67 | D:5      | Reached XP level 5. HP: 36/36 MP: 5/5
    75 | D:5      | Noticed a centaur
    87 | D:5      | Killed a centaur
   105 | D:5      | Reached XP level 6. HP: 42/42 MP: 6/6
   378 | D:3      | Found a white marble altar of Elyvilon.
   378 | D:3      | Found an opulent altar of Gozag.
   476 | D:3      | Became a worshipper of Gozag Ym Sagoz the Greedy
   527 | D:3      | Reached skill level 9 in Stealth
   536 | D:3      | Found Zimas's Antique Weapon Shop.
  1433 | D:1      | Found Olorag's Jewellery Boutique.
  1551 | D:1      | Found Girihaef's Antique Weapon Emporium.
  2327 | D:4      | Reached skill level 5 in Short Blades
  2708 | D:5      | Found a basalt altar of Yredelemnul.
  2780 | D:5      | Found a radiant altar of Vehumet.
  3008 | D:5      | Found a burning altar of Makhleb.
  3123 | D:6      | Found a staircase to the Ecumenical Temple.
  3133 | D:6      | Noticed Sigmund
  3144 | D:6      | Noticed an ice beast
  3144 | D:6      | HP: 2/42 [poisoned by a scorpion]
  3144 | D:6      | Slain by a phantom

Illustrated notes

Levels and vault maps discovered:
D:1:      lemuel_arrival_river_ford, layout_basic, serial_shops, shop,
          nicolae_shop_back_alley_shop
D:2:      layout_basic
D:3:      layout_basic, gammafunk_temple_overflow_elements, serial_shops, shop
D:4:      layout_rooms
D:5:      layout_loops_ring, mainiacjoe_overflow_catwalk_spiral,
          lightli_temple_of_fire
D:6:      cheibrodos_iron_armory, layout_basic, kennysheep_slug_shrine,
          temple_statues, uniq_maggie, uniq_sigmund

Skill      XL: |  1  2  3  4  5  6 |
---------------+-------------------+-----
Short Blades   | 3 4 5 |  5.2
Stealth        | 7 8 9 |  9.6
Fighting       | |  3.0
Dodging        | |  2.0

Action                     |  1- 3 |  4- 6 || total
---------------------------+-------+-------++-------
  Melee: Short sword       |     3 |   120 ||   123
         Constrict         |     1 |    22 ||    23
         Tentacles         |       |    21 ||    21
  Throw: Stone             |       |     2 ||     2
         Javelin           |       |     1 ||     1
    Use: Scroll            |       |     1 ||     1
   Stab: Sleeping          |     1 |    42 ||    43
         Distracted        |       |     2 ||     2
 Armour: Skin              |       |    47 ||    47
  Dodge: Dodged            |     2 |    40 ||    42

Table legend: (Time is in decaauts)
 A = Elapsed time spent in this place.
 B = Non-inter-level travel time spent in this place.
 C = Inter-level travel time spent in this place.
 D = Time resting spent in this place.
 E = Time spent auto-exploring this place.
 F = Levels seen in this place.
 G = Mean time per level.
                   A        B        C        D        E       F      G
               +--------+--------+--------+--------+--------+-----+--------+
         Total |   3116 |   2918 |    198 |      0 |   1852 |   6 |  519.3 |
       Dungeon |   3116 |   2918 |    198 |      0 |   1852 |   6 |  519.3 |
               +--------+--------+--------+--------+--------+-----+--------+

Top non-repeatable levels by time:
     D:3: 745 daAuts
     D:1: 671 daAuts
     D:5: 641 daAuts
     D:4: 533 daAuts
     D:2: 507 daAuts
     D:6: 17 daAuts
